 Dungeon Crawl Stone Soup version 0.24-a0-451-g263dff2034 (webtiles) character file.

Game seed: 3772601534373287812

70 Mrkan the Chopper (level 4, 0/60 HPs)
             Began as a Hill Orc Abyssal Knight on June 26, 2019.
             Was a Believer of Lugonu.
             Succumbed to an adder's poison
             ... on level 2 of the Dungeon.
             The game lasted 00:02:43 (1468 turns).

Mrkan the Chopper (Hill Orc Abyssal Knight)         Turns: 1468, Time: 00:02:44

Health: 0/60       AC: 22    Str: 15    XL:     4   Next: 22%
Magic:  6/6        EV:  2    Int: 12    God:    Lugonu [**....]
Gold:   70         SH:  0    Dex: 10    Spells: 3/3 levels left

rFire    . . .     SeeInvis .   a - +1 hand axe
rCold    . . .     Gourm    .   (no shield)
rNeg     + + +     Faith    .   (armour currently unavailable)
rPois    +         Spirit   .   (helmet currently unavailable)
rElec    .         Reflect  .   (cloak currently unavailable)
rCorr    .         Harm     .   (gloves currently unavailable)
MR       .....     NoTele   +   (boots currently unavailable)
Stlth    +.........             (no amulet)
HPRegen  0.20/turn              (no ring)
MPRegen  0.10/turn              (no ring)

@: lethally poisoned (0 -> -4), tree-form, berserk cooldown, slowed, very slow
A: no striking features
a: Depart the Abyss, Bend Space, Renounce Religion


You were on level 2 of the Dungeon.
You worshipped Lugonu.
Lugonu was pleased with you.
You were not hungry.
You were a tree.
You visited 1 branch of the dungeon, and saw 2 of its levels.
You visited the Abyss 1 time.

You collected 70 gold pieces.

Inventory:

Hand Weapons
 a - a +1 hand axe (weapon)
Missiles
 j - 3 stones (quivered)
Armour
 b - a +0 leather armour (melded)
 e - a +0 cloak (melded)
Scrolls
 d - a scroll of identify {unknown}
 f - a scroll of remove curse {unknown}
 g - a scroll of amnesia {unknown}
Potions
 l - a potion of curing {unknown}
Comestibles
 c - 3 rations
 i - 5 chunks of flesh


   Skills:
 + Level 4.3 Fighting
 * Level 4.5 Axes
 - Level 2.1 Armour
 - Level 0.7 Dodging
 + Level 3.5 Invocations


You had 3 spell levels left.
You didn't know any spells.
Your spell library was empty.

Dungeon Overview and Level Annotations

Branches:
Dungeon (2/15)

Altars:
Ashenzari
Ru


Message History

A red film seems to cover your vision as you go berserk!
You feel yourself moving faster!
You feel mighty!
You feel sick.
You feel a strong urge to attack something.
You feel sick.
You feel sick.
You feel your anger nearly subside.
You are no longer berserk.
You are exhausted.
You feel yourself slow down.
* * * LOW HITPOINT WARNING * * *
You feel sick.
* * * LOW HITPOINT WARNING * * *
You feel sick.
* * * LOW HITPOINT WARNING * * *
You feel sick.
* * * LOW HITPOINT WARNING * * *
You feel sick.
* * * LOW HITPOINT WARNING * * *
You feel sick.
You die...

.≈#.###.###.####.#######
.≈#.# #.# #.# #.#
≈...###'###.# #.#
≈.....'_'...# #.#
≈...#######.# #.# ≈...#
### #.# #.#
....#######.# #.#
≈...........####.#######
≈.#######.......♣.......
.≈# ##.#####.####### ≈.#
#.........#.... ..###
#..#.......... ....#
#............. ###.#
###.#<......#.## ....#
#...#..#...##.#
.#######.##.)........#
.# #......÷..#.#####


There were no monsters in sight!

Vanquished Creatures
  An adder (D:2)
  An ooze (D:1)
  A worm (D:2)
  A dart slug (D:1)
  A leopard gecko (D:2)
  A ball python (D:1)
  2 giant cockroaches
  7 goblins
  6 hobgoblins
  10 jackals (D:1)
  A kobold (D:2)
  2 bats
  5 frilled lizards
  8 rats
47 creatures vanquished.

Notes
Turn   | Place    | Note
-------+----------+-------------------------------------------
     0 | Abyss:1  | Mrkan the Hill Orc Abyssal Knight began the quest for the
                  | Orb.
     0 | Abyss:1  | Reached XP level 1. HP: 19/19 MP: 2/2
    16 | Abyss:1  | Found a corrupted altar of Lugonu.
    45 | Abyss:1  | Noticed a small abomination
    47 | D:1      | Escaped the Abyss
   148 | D:1      | Reached * piety under Lugonu
   219 | D:1      | Reached XP level 2. HP: 26/27 MP: 4/4
   501 | D:1      | Found a shattered altar of Ashenzari.
   506 | D:1      | Reached XP level 3. HP: 27/33 MP: 5/5
  1349 | D:2      | Reached ** piety under Lugonu
  1351 | D:2      | Found a faded altar of an unknown god.
  1366 | D:2      | Reached XP level 4. HP: 25/40 MP: 6/6
  1395 | D:2      | Found a sacrificial altar of Ru.
  1465 | D:2      | HP: 3/60 [poisoned by an adder]
  1467 | D:2      | HP: 1/60 [poisoned by an adder]
  1468 | D:2      | Succumbed to an adder's poison

Levels and vault maps discovered:
D:1:      nicolae_arrival_somewhat_less_tricky_arrival, layout_basic,
          minmay_misc_feat_alley, minmay_misc_feat_tower, ashenzari_altar_1
D:2:      layout_basic, lemuel_doored_altar, grunt_temple_overflow_open,
          chequers_ecumenical_altar_island

Skill      XL: |  1  2  3 |
---------------+----------+-----
Axes           | 3 4 |  4.5
Invocations    | 3 |  3.5
Fighting       | 4 |  4.3
Armour         | |  2.1
Dodging        | |  0.7

Action                   |  1- 3 |  4- 6 || total
-------------------------+-------+-------++-------
Melee: Hand axe          |   144 |    22 ||   166
Invok: Depart the Abyss  |     1 |       ||     1
  Use: Potion            |       |     2 ||     2
  Eat: Chunk             |     2 |       ||     2
Armor: Leather armour    |    51 |     3 ||    54
Dodge: Dodged            |    87 |    13 ||   100

Table legend:
 A = Non-vault XP
 B = Vault XP
 C = Vault XP percentage of total XP
 D = Non-vault monster count
 E = Vault monster count
 F = Vault count percentage of total count
                 A         B        C        D         E       F
            +---------+---------+-------+---------+---------+-------
      Total |     101 |       0 |   0.0 |      47 |       0 |   0.0
            +---------+---------+-------+---------+---------+-------
        D:1 |      60 |       0 |   0.0 |      31 |       0 |   0.0
        D:2 |      41 |       0 |   0.0 |      16 |       0 |   0.0
            +---------+---------+-------+---------+---------+-------
